 Dungeon Crawl Stone Soup version 0.23-a0-516-g0f8c245 (webtiles) character file.

2364 zishaf the Arsonist (level 9, 0/45 HPs)
             Began as a Deep Elf Fire Elementalist on Dec 5, 2018.
             Was a Follower of Vehumet.
             Slain by a hound (2 damage)
             ... on level 6 of the Dungeon.
             The game lasted 00:17:39 (6917 turns).

zishaf the Arsonist (Deep Elf Fire Elementalist)    Turns: 6917, Time: 00:17:39

Health: 0/45       AC:  3    Str:  5    XL:     9   Next: 21%
Magic:  9/20       EV: 16    Int: 29    God:    Vehumet [*.....]
Gold:   333        SH:  0    Dex: 15    Spells: 6/20 levels left

rFire    . . .     SeeInvis .   b - +0 whip (elec)
rCold    . . .     Gourm    .   (no shield)
rNeg     . . .     Faith    .   x - +0 robe {MR+}
rPois    .         Spirit   .   (no helmet)
rElec    .         Reflect  .   p - +0 cloak
rCorr    .         Harm     .   (no gloves)
MR       +....                  (no boots)
Stlth    ++........             (no amulet)
HPRegen  0.15/turn              t - ring of flight
MPRegen  0.17/turn              v - +5 ring of intelligence

@: no status effects
A: no striking features
a: Renounce Religion, Evoke Flight


You were on level 6 of the Dungeon.
You worshipped Vehumet.
Vehumet was aware of your devotion.
You were not hungry.

You visited 2 branches of the dungeon, and saw 7 of its levels.

You collected 333 gold pieces.

Inventory:

Hand Weapons
 b - a +0 whip of electrocution (weapon)
Armour
 a - a +0 robe
 p - a +0 cloak (worn)
 x - a +0 robe of magic resistance (worn)
Jewellery
 t - a ring of flight (left hand)
 v - a +5 ring of intelligence (right hand)
Scrolls
 i - 2 scrolls of remove curse
 k - 2 scrolls of teleportation
 o - a scroll of blinking
 r - 2 scrolls of magic mapping
 s - a scroll of enchant armour
 w - a scroll of immolation
 y - a scroll of amnesia {unknown}
Potions
 e - 2 potions of haste {unknown}
 f - a potion of berserk rage {unknown}
 g - a potion of agility {unknown}
 h - a potion of curing
 j - 3 potions of might {unknown}
 l - a potion of invisibility {unknown}
 m - 2 potions of brilliance {unknown}
 n - a potion of cancellation {unknown}
 q - 3 potions of magic {unknown}
 z - 2 potions of lignification {unknown}
 B - a potion of ambrosia {unknown}
 C - 3 potions of heal wounds {unknown}
Comestibles
 c - 12 rations
 d - 3 chunks of flesh


   Skills:
 + Level 6.3 Dodging
 - Level 3.0 Stealth
 - Level 6.1 Spellcasting
 * Level 7.7 Conjurations
 - Level 4.1 Hexes
 * Level 8.4 Fire Magic


You had 6 spell levels left.
You knew the following spells:

 Your Spells              Type           Power        Failure   Level  Hunger
a - Flame Tongue          Conj/Fire      #####        1%          1    None
b - Throw Flame           Conj/Fire      ######       1%          2    None
c - Confuse               Hex            ####....     3%          3    None
d - Conjure Flame         Conj/Fire      ######..     1%          3    None
e - Fireball              Conj/Fire      ######....   5%          5    #####..

Your spell library contained the following spells:

 Spells                   Type           Power        Failure   Level  Hunger
 Freeze                   Ice            #...         5%          1    None
 Confusing Touch          Hex            ####..       1%          1    None
 Inner Flame              Hex/Fire       #####...     1%          3    None
 Sticky Flame             Conj/Fire      ######..     1%          4    ###....
 Animate Skeleton         Necr           N/A          5%          1    None
 Apportation              Tloc           #.....       5%          1    None
 Summon Small Mammal      Summ           #...         5%          1    None
 Gell's Gravitas          Tloc           #.........   17%         3    None
 Petrify                  Tmut/Erth      #.......     50%         4    ###....
 Metabolic Englaciation   Hex/Ice        ###.......   54%         5    #####..
 Yara's Violent Unravell  Hex/Tmut       ###.......   54%         5    #####..


Dungeon Overview and Level Annotations

Branches:
Dungeon (6/15)             Temple (1/1) D:4

Altars:
Ashenzari
Dithmenos
Elyvilon
Fedhas
Hepliaklqana
Kikubaaqudgha
Makhleb
Nemelex Xobeh
Okawaru
Qazlal
Ru
Uskayaw
Vehumet
Wu Jian
Xom
Zin
The Shining One

Annotations:
D:5 1 runed door, kkerber2's ghost, novice VSBe


Message History

The magic dart hits you!
You hear some strange, mumbled words.
The hound bites you but does no damage.
You hear some strange, mumbled words.
A puff of flame appears from out of thin air!
The puff of flame hits you!
* * * LOW HITPOINT WARNING * * *
The hound bites you but does no damage. Something hits you.
* * * LOW HITPOINT WARNING * * *
The hound bites you.
* * * LOW HITPOINT WARNING * * *
Something hits you but does no damage.
There is a stone staircase leading up here.
The hound bites you.
* * * LOW HITPOINT WARNING * * *
Something hits you.
* * * LOW HITPOINT WARNING * * *
The hound bites you.
You die...

....................#.### #.
+#.........#.#..........########[
...#.##....#....................)
......#...##................#####
...................##.......# #
......#....>.......##.......# #
........................##### #
...##.......###..#......# #
.#..............@{.......# #
.#####....#####..h.......# #
.#.................##....# #
.#........####.#(..##....# #
.#...........#.##..##.#### #
.........###.......##.... #
.......[...#.......##...oo#######
#..........#.......##....Zh......
##'#.......# .. #....o#######


You could see a hound.

Vanquished Creatures
  Prince Ribbit (D:6)
  2 hippogriffs (D:6)
  Sigmund (D:5)
  Duvessa (D:5)
  An orc warrior (D:6)
  A sky beast (D:6)
  2 ogres
  Blork the orc (D:5)
  A bullfrog (D:6)
  Dowan (D:5)
  A scorpion (D:4)
  2 howler monkeys
  A crimson imp (D:5)
  A quasit (D:6)
  2 orc priests
  2 bullfrog skeletons (D:5)
  2 centaur skeletons
  2 iguanas (D:4)
  6 worker ants
  5 orc wizards
  A killer bee zombie (D:5)
  A hound skeleton (D:4)
  3 adders
  7 gnolls
  A shadow imp (D:5)
  2 adder skeletons (D:5)
  6 dart slugs
  4 worms
  6 leopard geckos
  18 orcs
  8 bats
  3 giant cockroaches
  6 goblins
  7 hobgoblins
  7 jackals
  4 quokkas
  3 ball pythons
  7 frilled lizards
  A jackal skeleton (D:6)
  7 kobolds
  6 rats
144 creatures vanquished.

Notes
Turn   | Place    | Note
-------+----------+-------------------------------------------
     0 | D:1      | zishaf the Deep Elf Fire Elementalist began the quest for
                  | the Orb.
     0 | D:1      | Reached XP level 1. HP: 10/10 MP: 6/6
   223 | D:1      | Reached XP level 2. HP: 15/15 MP: 4/8
   233 | D:1      | Learned a level 2 spell: Throw Flame
   961 | D:2      | Reached XP level 3. HP: 19/19 MP: 7/9
  1339 | D:2      | Reached skill level 4 in Fire Magic
  1783 | D:2      | Reached XP level 4. HP: 24/24 MP: 8/10
  2379 | D:3      | Found a glowing silver altar of Zin.
  2382 | D:3      | Found an ancient bone altar of Kikubaaqudgha.
  2468 | D:3      | Reached XP level 5. HP: 28/28 MP: 5/11
  2910 | D:4      | Noticed an ogre
  2928 | D:3      | Learned a level 3 spell: Confuse
  2932 | D:3      | Learned a level 3 spell: Conjure Flame
  2987 | D:3      | Killed an ogre
  2987 | D:3      | Reached skill level 1 in Hexes
  2987 | D:3      | Reached skill level 5 in Fire Magic
  3081 | D:4      | Reached XP level 6. HP: 32/32 MP: 8/12
  3553 | D:4      | Reached XP level 7. HP: 36/36 MP: 9/14
  3633 | D:4      | Found a burning altar of Makhleb.
  3635 | D:4      | Found a shimmering altar of Xom.
  3635 | D:4      | Found a shimmering altar of Xom.
  3637 | D:4      | Found a burning altar of Makhleb.
  3637 | D:4      | Found a shimmering altar of Xom.
  3637 | D:4      | Found a bloodstained altar of Trog.
  3820 | D:4      | Found a staircase to the Ecumenical Temple.
  3829 | Temple   | Entered the Ecumenical Temple
  4149 | Temple   | Became a worshipper of Vehumet
  4423 | D:5      | Entered Level 5 of the Dungeon
  4436 | D:5      | Reached skill level 5 in Conjurations
  4436 | D:5      | Reached skill level 6 in Fire Magic
  5107 | D:5      | Noticed Duvessa
  5111 | D:5      | Noticed Dowan
  5135 | D:5      | Killed Duvessa
  5278 | D:5      | Found a sacrificial altar of Ru.
  5293 | D:5      | Noticed Sigmund
  5293 | D:5      | Noticed Blork the orc
  5313 | D:5      | Killed Sigmund
  5313 | D:5      | Reached skill level 5 in Dodging
  5313 | D:5      | Reached XP level 8. HP: 41/41 MP: 9/17
  5326 | D:5      | Killed Blork the orc
  5326 | D:5      | Reached skill level 5 in Spellcasting
  5496 | D:5      | Killed Dowan
  5633 | D:5      | Reached skill level 7 in Fire Magic
  5684 | D:5      | Reached * piety under Vehumet
  5684 | D:5      | Offered knowledge of Freeze by Vehumet.
  5701 | D:5      | Learned a level 5 spell: Fireball
  5818 | D:5      | Found a runed door.
  5826 | D:5      | Noticed kkerber2's ghost (novice VSBe)
  6252 | D:6      | Found a hazy altar of Hepliaklqana.
  6564 | D:6      | Noticed Prince Ribbit
  6570 | D:6      | Killed Prince Ribbit
  6705 | D:6      | Noticed a hippogriff
  6720 | D:6      | Killed a hippogriff
  6720 | D:6      | Reached skill level 8 in Fire Magic
  6720 | D:6      | Reached XP level 9. HP: 45/45 MP: 5/20
  6917 | D:6      | HP: 2/45 [something (1)]
  6917 | D:6      | Slain by a hound

Vault maps used:
D:1:      eino_arrival_cavern_b
D:3:      wander_river, grunt_temple_overflow_open, first_ration,
          hangedman_decor_clover_reticule
D:4:      doesnt_xom_only_xom, minmay_temple_entry_statues_fountains,
          grunt_decor_one_mirror, serial_park_tiny_1
D:5:      nicolae_ru_path_of_blood, ebering_ghost_sewer_d, uniq_duvessa,
          uniq_sigmund, uniq_blork_the_orc
D:6:      overflow_temple_1_default, kennysheep_generic_room_13,
          uniq_prince_ribbit1
Temple:   minmay_temple_forest_path

Skill      XL: |  1  2  3  4  5  6  7  8 |
---------------+-------------------------+-----
Conjurations   | 2 3 4 5 7 |  7.7
Stealth        | 3 |  3.0
Dodging        | 3 4 5 6 |  6.3
Fire Magic     | 4 5 6 8 |  8.4
Hexes          | 1 2 3 4 |  4.1
Spellcasting   | 4 6 |  6.1

Action                   |  1- 3 |  4- 6 |  7- 9 || total
-------------------------+-------+-------+-------++-------
Melee: Unarmed           |     1 |       |       ||     1
       Whip              |       |     6 |     2 ||     8
 Cast: Flame Tongue      |    76 |    94 |   150 ||   320
       Throw Flame       |     6 |    16 |    29 ||    51
       Conjure Flame     |       |     1 |     3 ||     4
       Confuse           |       |       |     9 ||     9
       Fireball          |       |       |     1 ||     1
  Use: Scroll            |       |       |     8 ||     8
 Stab: Confused          |       |       |     1 ||     1
  Eat: Chunk             |     2 |     6 |     8 ||    16
       Ration            |       |       |     1 ||     1
Armor: Robe              |     3 |     5 |    15 ||    23
Dodge: Dodged            |    13 |    33 |    71 ||   117

Table legend:
 A = Non-vault XP
 B = Vault XP
 C = Vault XP percentage of total XP
 D = Non-vault monster count
 E = Vault monster count
 F = Vault count percentage of total count
                 A         B        C        D         E       F
            +---------+---------+-------+---------+---------+-------
      Total |    2544 |     834 |  24.7 |     139 |       5 |   3.5
            +---------+---------+-------+---------+---------+-------
        D:1 |      40 |       0 |   0.0 |      20 |       0 |   0.0
        D:2 |      98 |       0 |   0.0 |      27 |       0 |   0.0
        D:3 |     240 |       0 |   0.0 |      26 |       0 |   0.0
        D:4 |     530 |       0 |   0.0 |      27 |       0 |   0.0
        D:5 |     587 |     557 |  48.7 |      23 |       4 |  14.8
        D:6 |    1049 |     277 |  20.9 |      16 |       1 |   5.9
            +---------+---------+-------+---------+---------+-------
